 Dungeon Crawl Stone Soup version 0.28-a0-643-g84cb2ea78e (webtiles) character file.

Game seed: 16012267796504827157

197895 ytrimaz the Slayer (level 18, -4/220 HPs)
             Began as a Minotaur Berserker on Oct 11, 2021.
             Was a High Priest of Trog.
             Killed from afar by a ynoxinul (21 damage)
             ... with an iron shot
             ... on level 2 of the Abyss.
             The game lasted 01:13:13 (30770 turns).

ytrimaz the Slayer (Minotaur Berserker)            Turns: 30770, Time: 01:13:15

Health: -4/220     AC: 30    Str: 23 (26) XL:     18   Next: 19%
Magic:  11/11      EV:  5    Int:  2      God:    Trog [*****.]
Gold:   959        SH: 20    Dex:  7      Spells: 17/17 levels left

rFire   + + +      SeeInvis .   f - +12 lance "Wyrmbane" {slay drac, rPois rF+ rC+ AC+3}
rCold   + + +      Faith    .   A - +3 tower shield of Grace {rPois rF+ Regen+ Dex-2}
rNeg    + . .      Spirit   .   U - +6 gold dragon scales
rPois   +          Reflect  .   (helmet restricted)
rElec   +          Harm     .   z - +0 cloak
rCorr   +          Rampage  .   (no gloves)
Will    +++..                   I - +1 pair of boots
Stlth   ..........              Z - amulet of Zuif {Regen+ rCorr Dex+3}
HPRegen 1.00/turn               F - ring "Qaucviy" {rF+ rC+}
MPRegen 0.12/turn               K - ring "Nuras" {Ice rElec rN+}

@: berserking, strong-willed, regenerating, slowed, lost intelligence, unable to
read
A: horns 2, retaliatory headbutt, [clumsy 2], [deformed body], [deterioration
2], [dopey 1], [frail 2], [low mp 3], [inhibited regeneration], [weak 2],
[subdued magic 1]
a: Renounce Religion, Berserk, Trog's Hand, Brothers in Arms


You were on level 2 of the Abyss.
You worshipped Trog.
Trog was extremely pleased with you.
You visited 5 branches of the dungeon, and saw 27 of its levels.
You visited the Abyss 1 time.
You also visited: Ice Cave.

You collected 4810 gold pieces.
You spent 3851 gold pieces at shops.

Inventory:

Hand Weapons
 f - the +12 lance "Wyrmbane" (weapon) {slay drac, rPois rF+ rC+ AC+3}
   (You took it off Maggie on level 10 of the Dungeon)

   It inflicts extra damage against dragons and draconians.
   AC:        It affects your AC (+3).
   rF:        It protects you from fire.
   rC:        It protects you from cold.
   rPois:     It protects you from poison.
 j - the +8 mithril axe "Arga" {speed, Will+}
   (You found it on level 4 of the Dungeon)

   Attacks with this weapon are significantly faster.
   Will:      It increases your willpower.
 N - a +3 great mace of holy wrath
 O - a +3 battleaxe of freezing
 R - a +5 executioner's axe
 S - the +7 broad axe "Hydrabane" {flame, Int+4 Dex+4}
   (You bought it in a shop on level 2 of the Orcish Mines)

   It burns those it strikes, dealing additional fire damage.
   Big, fiery blades are also staple armaments of hydra-hunters.
   Int:       It affects your intelligence (+4).
   Dex:       It affects your dexterity (+4).
 Y - the +10 hand axe "Izxeywudgh" {flame, Str+2}
   (Trog gifted it to you on level 6 of the Lair of Beasts)

   It burns those it strikes, dealing additional fire damage.
   Big, fiery blades are also staple armaments of hydra-hunters.
   Str:       It affects your strength (+2).
Missiles
 y - a throwing net (quivered)
Armour
 z - a +0 cloak (worn)
 A - the +3 tower shield of Grace (worn) {rPois rF+ Regen+ Dex-2}
   (You bought it in a shop on level 9 of the Dungeon)

   Dex:       It affects your dexterity (-2).
   rF:        It protects you from fire.
   rPois:     It protects you from poison.
   Regen:     It increases your rate of health regeneration.
 I - a +1 pair of boots (worn)
 U - +6 gold dragon scales (worn)
 V - the +4 skin of Zhor {*Englaciate rC+++ SInv}
   (You found it on level 2 of the Lair of Beasts)

   It radiates cold, occasionally slowing all nearby creatures who are not
   resistant to cold.
   rC:        It renders you almost immune to cold.
   SInv:      It lets you see invisible.
Jewellery
 d - a ring of see invisible
 e - a ring of willpower
 u - a +6 ring of strength
 F - the ring "Qaucviy" (left hand) {rF+ rC+}
   (You found it in an ice cave)

   [ring of protection from cold]

   rF:        It protects you from fire.
   rC:        It protects you from cold.
 K - the ring "Nuras" (right hand) {Ice rElec rN+}
   (You found it in an ice cave)

   [ring of ice]

   It enhances your ice magic.
   rF:        It makes you vulnerable to fire.
   rC:        It protects you from cold.
   rElec:     It insulates you from electricity.
   rN:        It protects you from negative energy.
 P - an amulet of reflection
 Q - a ring of resist corrosion
 X - an amulet of guardian spirit
 Z - the amulet of Zuif (around neck) {Regen+ rCorr Dex+3}
   (You bought it in a shop on level 2 of the Orcish Mines)

   [amulet of regeneration]

   Dex:       It affects your dexterity (+3).
   Regen:     It increases your rate of health regeneration.
   rCorr:     It protects you from acid and corrosion.
Wands
 m - a wand of paralysis (3)
 o - a wand of flame (12)
 t - a wand of charming (28)
 B - a wand of digging (19)
 C - a wand of polymorph (22)
 G - a wand of mindburst (27)
 H - a wand of iceblast (26)
Scrolls
 h - a scroll of magic mapping
 l - 2 scrolls of silence
 n - a scroll of enchant weapon
 p - 2 scrolls of noise
 s - 4 scrolls of summoning
 E - a scroll of teleportation
 L - 9 scrolls of identify
 T - 4 scrolls of fog
 W - 2 scrolls of fear
Potions
 a - 2 potions of haste
 b - a potion of heal wounds
 c - 7 potions of invisibility
 g - 3 potions of berserk rage
 i - 2 potions of ambrosia
 k - 3 potions of attraction
 q - 6 potions of curing
 r - 5 potions of mutation
 v - 4 potions of lignification
 w - 2 potions of cancellation
 x - a potion of magic
 D - a potion of resistance
 J - 4 potions of might
 M - a potion of flight


   Skills:
 * Level 22.2 Fighting
 + Level 19.9(20.5) Axes
 - Level 9.3(15.7) Polearms
 * Level 20.4 Armour
 - Level 3.4 Dodging
 - Level 15.0 Shields


You had 17 spell levels left.
You didn't know any spells.
Your spell library was empty.

Dungeon Overview and Level Annotations

Branches:
Dungeon (15/15)            Temple (0/1) D:6            Lair (6/6) D:9
 Shoals (1/4) Lair:3        Snake (0/4) Lair:4        Slime (0/5) Lair:5
    Orc (2/2) D:10            Elf (3/3) Orc:2        Vaults (0/5) D:14
 Depths (0/4) D:15          IceCv (visited)

Altars:
Cheibriados
Fedhas
Gozag
Hepliaklqana
Makhleb
Qazlal
Sif Muna
Trog
Vehumet
Xom
Beogh
Lugonu

Shops:
D:7 *   D:8 [   D:9 !*[**   Orc:1 [   Orc:2 *(=*[   Elf:2 *=[

Portals:
Abyss: Lair:6

Annotations:
D:9 3 runed translucent doors, exclusion: obsidian statue, ytrimaz's ghost, novice MiFi
Elf:3 1 runed translucent door, jasper's ghost, adept DsWr


Innate Abilities, Weirdness & Mutations

You have a pair of horns on your head.
You reflexively headbutt those who attack you in melee.
[You are very clumsy. (Dex -4)]
[Armour fits poorly on your strangely shaped body.]
[Your body often deteriorates upon taking damage.]
[You are dopey. (Int -2)]
[You are very frail. (-20% HP)]
[Your magical capacity is extremely low. (-30% MP)]
[You do not regenerate when monsters are visible.]
[You are very weak. (Str -4)]
[Your spells are a little easier to cast, but a little less powerful.]


Message History

* * * LOW HITPOINT WARNING * * *
You impale the large abomination!!
You destroy the large abomination!
Trog accepts your kill. You block the ufetubus's attack. x2
The ynoxinul gestures.
Unknown command.
You impale the large abomination!! You headbutt the large abomination!
The large abomination is severely damaged.
The ufetubus barely misses you. You furiously retaliate!
You headbutt the ufetubus!
You kill the ufetubus!
The ufetubus disappears in a puff of smoke!
The ynoxinul hits you but does no damage.
You impale the large abomination!!
You destroy the large abomination!
Trog accepts your kill. The smoke demon gestures at you.
The ball of steam misses you.
The ball of steam hits the ufetubus!!
The ufetubus dies!
The ufetubus disappears in a puff of smoke!
Unknown command.
The smoke demon hits you but does no damage.
You block the smoke demon's attack. x2
You completely miss the smoke demon. You block the ynoxinul's attack.
You feel yourself growing ill in the presence of the ancient zyme.
You block the smoke demon's attack. x2; The smoke demon hits you.
* * * LOW HITPOINT WARNING * * *
Unknown command.
You puncture the smoke demon! You headbutt the smoke demon.
The smoke demon is severely wounded.
The ynoxinul gestures.
Unknown command.
You puncture the smoke demon! You headbutt the smoke demon.
You kill the smoke demon!
Trog accepts your kill.
The ufetubus disappears in a puff of smoke!
The ynoxinul gestures at you. The iron shot hits you!!
You die...

. §. ##.
#.. # . . #
# . . .. #
§ .. . .
#.## .
#.##.# . #
#.####.###
#.53@..# .
##x##5...#.
. .5Y 5...#
# ..##5
#....# #..
.. .....v.#
#.
...#.#.:#..
#. ...
.5...##. .
..# #.#.# .
. .


You could see a spatial vortex, an ancient zyme, a ynoxinul and 5 ufetubi.

Vanquished Creatures
  The ghost of Jyejeiptew the Apostle, an adept HOMo of Beogh (Elf:1)
  A profane servitor (Abyss:2)
  2 deep elf blademasters (Elf:3)
  3 deep elf master archers (Elf:3)
  Gastronok (Lair:3)
  A shadow dragon (Elf:1)
  An azure jelly (IceCv)
  A fire giant (D:15)
  An orc warlord (Orc:1)
  2 deep elf elementalists
  16 deep elf sorcerers (Elf:3)
  A quicksilver ooze (IceCv)
  5 deep elf demonologists
  8 deep elf annihilators
  2 deep elf death magi (Elf:3)
  4 deep elf high priests
  5 hydras
  3 boulder beetles
  5 vault guards (D:14)
  2 ice dragons (Elf:1)
  5 centaur warriors
  4 two-headed ogres
  2 catoblepae
  5 death yaks
  32 dancing weapons
  4 thrashing horrors (Lair:6)
  2 orc high priests (Orc:2)
  15 deep elf knights
  A wretched star (Abyss:2)
  A fire crab (Lair:5)
  A sixfirhy (Abyss:2)
  A sea snake (Shoals:1)
  A spatial maelstrom (Abyss:2)
  Pikel (D:7)
  4 wizards
  17 deep elf archers
  A necromancer (D:15)
  5 orc sorcerers
  41 deep elf pyromancers
  22 deep elf zephyrmancers
  3 orc knights
  4 cyclopes
  14 ugly things
  2 large abominations (Abyss:2)
  3 manticores
  Maurice (Orc:2)
  3 black mambas
  10 elephants
  A guardian serpent (shapeshifter) (Elf:1)
  2 smoke demons
  3 ice statues (IceCv)
  A merfolk siren (Lair:3)
  A gargoyle (D:14)
  An unseen horror (shapeshifter) (Lair:6)
  13 cane toads
  2 torpor snails
  2 centaur skeletons (D:15)
  Maggie (D:10)
  A komodo dragon (shapeshifter) (Lair:6)
  3 rime drakes
  2 ice devils (D:12)
  A rime drake (shapeshifter) (Lair:6)
  A kobold demonologist (D:11)
  A redback zombie (D:15)
  3 freezing wraiths
  3 ancient zymes
  3 entropy weaver simulacra (IceCv)
  2 efreet
  8 komodo dragons
  A hellwing (Abyss:2)
  6 trolls
  A polar bear (Lair:4)
  2 merfolk (Shoals:1)
  23 blink frogs
  Prince Ribbit (D:4)
  2 hornets
  31 slime creatures
  2 meliai zombies
  10 dream sheep
  2 shadows
  Eustachio (D:5)
  A spriggan (Lair:6)
  3 water elementals
  2 air elementals
  2 wyverns
  79 yaks
  2 humans (shapeshifter)
  2 fire elementals
  10 basilisks
  2 chaos spawn (Lair:6)
  15 vampire mosquitoes
  A steam dragon (D:7)
  4 wargs
  14 water moccasins
  A naga (Lair:4)
  4 acid dragons
  A demonic crawler simulacrum (IceCv)
  23 orc warriors
  5 black bears
  3 ice beasts
  6 necrophages
  3 ugly thing simulacra (IceCv)
  8 ogres
  15 centaurs
  11 small abominations
  3 lemures (D:7)
  A phantom (D:4)
  2 kobold brigands
  9 bullfrogs
  6 scorpions
  2 wyvern zombies
  Blork the orc (D:5)
  3 earth elementals
  4 glowing shapeshifter simulacra (IceCv)
  A water moccasin skeleton (D:4)
  A killer bee (D:8)
  4 electric eels
  3 howler monkeys
  4 centaur zombies
  4 hounds
  12 orc priests
  A jelly (D:4)
  2 bullfrog skeletons
  2 gnoll shamans (D:8)
  A scorpion zombie (D:5)
  3 iguanas
  17 orc wizards
  A killer bee zombie (D:6)
  A howler monkey zombie (D:9)
  A howler monkey skeleton (D:5)
  7 gnolls
  8 adders
  A shadow imp (D:6)
  2 white imps
  An ufetubus (D:6)
  An adder zombie (D:3)
  2 worms
  A dart slug (D:1)
  51 orcs
  9 ball pythons
  4 bats
  5 endoplasms
  3 giant cockroaches
  10 hobgoblins
  17 kobolds
  4 quokkas
  A ball python skeleton (D:3)
  A frilled lizard (D:1)
  A giant cockroach zombie (D:3)
  8 goblins
  A jackal skeleton (D:3)
  A quokka skeleton (D:3)
  3 rats
  A bush (Lair:6)
  A butterfly (Lair:1)
857 creatures vanquished.

Vanquished Creatures (collateral kills)
  Frances (D:12)
  A shadow dragon (Elf:1)
  A deep elf sorcerer (Elf:3)
  A deep elf elementalist (Elf:3)
  A deep elf death mage (Elf:3)
  A deep elf high priest (Elf:3)
  A dancing weapon (Elf:3)
  An orc knight (Orc:2)
  A deep elf zephyrmancer (Elf:3)
  2 orc sorcerers (Orc:2)
  3 slime creatures (IceCv)
  A demonic crawler simulacrum (IceCv)
  5 orc warriors
  An ogre (Orc:2)
  2 orc priests (Orc:2)
  An orc wizard (Orc:2)
  3 orcs (Elf:1)
27 creatures vanquished.

Vanquished Creatures (others)
  A deep elf knight (D:14)
  A water elemental (D:13)
  An orc wizard (Elf:1)
  2 orcs (Elf:1)
  4 bushes (D:6)
  73 fungi
  125 plants
207 creatures vanquished.

Grand Total: 1091 creatures vanquished

Notes
Turn   | Place    | Note
-------+----------+-------------------------------------------
     0 | D:1      | ytrimaz the Minotaur Berserker began the quest for the Orb.
     0 | D:1      | Reached XP level 1. HP: 19/19 MP: 0/0
    81 | D:1      | Reached skill level 4 in Fighting
    84 | D:1      | Reached XP level 2. HP: 10/27 MP: 1/1
   591 | D:1      | Reached ** piety under Trog
   745 | D:1      | Reached XP level 3. HP: 31/34 MP: 2/2
  1486 | D:2      | Reached XP level 4. HP: 37/41 MP: 3/3
  1486 | D:2      | Found a faded altar of an unknown god.
  2057 | D:3      | Identified a scroll of acquirement
  2057 | D:3      | Acquired 507 gold pieces
  2062 | D:3      | HP: 3/61 [gnoll (4)]
  2067 | D:3      | Reached skill level 5 in Axes
  2067 | D:3      | Reached skill level 1 in Shields
  2663 | D:3      | Reached XP level 5. HP: 36/47 MP: 4/4
  2664 | D:3      | Reached skill level 5 in Fighting
  3171 | D:3      | Reached *** piety under Trog
  3285 | D:4      | Noticed a black bear
  3292 | D:4      | Killed a black bear
  3293 | D:4      | Reached XP level 6. HP: 56/56 MP: 5/5
  3305 | D:3      | HP: 1/56 [poisoned by an adder]
  3944 | D:4      | Found the +8 mithril axe "Arga" {speed, Will+}
  4205 | D:5      | Entered Level 5 of the Dungeon
  4308 | D:4      | Reached XP level 7. HP: 62/62 MP: 6/6
  4494 | D:5      | Reached skill level 6 in Fighting
  4506 | D:5      | Noticed Eustachio
  4509 | D:5      | Noticed Prince Ribbit
  4527 | D:4      | Killed Prince Ribbit
  4664 | D:5      | Killed Eustachio
  4665 | D:5      | Reached XP level 8. HP: 67/71 MP: 7/7
  5285 | D:5      | Noticed Blork the orc
  5292 | D:5      | Killed Blork the orc
  5488 | D:6      | Reached skill level 7 in Fighting
  5576 | D:6      | Reached skill level 10 in Axes
  5576 | D:6      | Reached skill level 5 in Armour
  5582 | D:6      | Reached **** piety under Trog
  5733 | D:6      | Found a blossoming altar of Fedhas.
  5940 | D:6      | Found a staircase to the Ecumenical Temple.
  6306 | D:6      | Reached XP level 9. HP: 79/79 MP: 8/8
  6413 | D:6      | Found a burning altar of Makhleb.
  6445 | D:6      | Noticed a cacodemon
  6448 | D:6      | Noticed an orange demon
  6475 | D:7      | Found Tocuiganni's General Store.
  6483 | D:7      | Reached skill level 5 in Shields
  6574 | D:7      | Noticed Pikel
  6577 | D:7      | Reached skill level 8 in Fighting
  6585 | D:7      | Killed Pikel
  6963 | D:7      | Identified the +7 short sword "Quvidip" {pain, *Slow rElec
                  | rF+ Will++}
  7174 | D:7      | Found a snail-covered altar of Cheibriados.
  7177 | D:7      | Found a radiant altar of Vehumet.
  7394 | D:7      | Found a stormy altar of Qazlal.
  7546 | D:8      | Found an opulent altar of Gozag.
  7927 | D:8      | Reached XP level 10. HP: 56/90 MP: 9/9
  8241 | D:8      | Found a bloodstained altar of Trog.
  8571 | D:8      | Found Naoth's Antique Armour Boutique.
  8981 | D:8      | Found a hazy altar of Hepliaklqana.
  9091 | D:9      | Reached skill level 9 in Fighting
  9134 | D:9      | Found Qiclobro's Distillery.
  9141 | D:9      | Bought a potion of cancellation for 112 gold pieces
  9141 | D:9      | Bought a potion of mutation for 112 gold pieces
  9141 | D:9      | Bought a potion of curing for 42 gold pieces
  9141 | D:9      | Bought a potion of magic for 112 gold pieces
  9163 | D:9      | Noticed a two-headed ogre
  9178 | D:9      | Killed a two-headed ogre
  9178 | D:9      | Reached ***** piety under Trog
  9252 | D:9      | Found a staircase to the Lair.
  9562 | D:9      | Found Registi's Assorted Antiques.
  9583 | D:9      | Found Efrao's Antique Armour Shoppe.
  9590 | D:9      | Bought a slimy tower shield for 294 gold pieces
  9590 | D:9      | Identified the +3 tower shield of Grace {rPois rF+ Regen+
                  | Dex-2} (You bought it in a shop on level 9 of the Dungeon)
  9720 | D:9      | Found a runed translucent gate.
  9720 | D:9      | Found a runed translucent gate.
  9720 | D:9      | Found an opulent altar of Gozag.
  9720 | D:9      | Found a runed translucent gate.
  9720 | D:9      | Noticed an obsidian statue
  9721 | D:9      | Found Myczonla's Assorted Antiques.
  9721 | D:9      | Noticed a six-headed hydra
  9721 | D:9      | Noticed ytrimaz's ghost (novice MiFi)
  9762 | D:9      | Noticed a boulder beetle
  9915 | D:9      | Found Xaamuesh's Assorted Antiques.
 10274 | D:10     | Entered Level 10 of the Dungeon
 10317 | D:10     | Noticed Maggie
 10327 | D:10     | Killed Maggie
 10768 | D:10     | Reached skill level 1 in Polearms
 10768 | D:10     | Reached XP level 11. HP: 99/99 MP: 10/10
 10773 | D:10     | Reached skill level 10 in Fighting
 10812 | D:10     | Found a staircase to the Orcish Mines.
 11330 | D:11     | Noticed a two-headed ogre
 11341 | D:11     | Noticed a soul eater
 11365 | D:11     | Killed a two-headed ogre
 11376 | D:11     | Reached skill level 15 in Axes
 11714 | D:11     | Identified the +1 scale mail of Huixos {Fly rN+}
 11844 | D:12     | Noticed Frances
 11846 | D:12     | Noticed a sixfirhy
 11864 | D:12     | Killed Frances
 12026 | D:12     | Reached skill level 11 in Fighting
 12038 | D:12     | Noticed a four-headed hydra
 12054 | D:12     | Killed a four-headed hydra
 12055 | D:12     | Reached skill level 10 in Armour
 12057 | D:12     | Reached skill level 5 in Polearms
 12057 | D:12     | Reached XP level 12. HP: 98/110 MP: 11/11
 12118 | D:12     | Noticed a two-headed ogre
 12123 | D:12     | Killed a two-headed ogre
 12162 | D:12     | Noticed a two-headed ogre
 12169 | D:12     | Killed a two-headed ogre
 12253 | D:12     | Found a frozen archway.
 12268 | IceCv    | Entered an ice cave
 12399 | IceCv    | Noticed a quicksilver ooze
 12411 | IceCv    | Killed a quicksilver ooze
 13017 | IceCv    | Received a gift from Trog
 13161 | IceCv    | Reached skill level 10 in Shields
 13343 | IceCv    | Reached skill level 12 in Fighting
 13624 | IceCv    | Found a viscous altar of Jiyva.
 13624 | IceCv    | Noticed an azure jelly
 13632 | IceCv    | Killed an azure jelly
 13637 | IceCv    | Reached XP level 13. HP: 119/119 MP: 12/12
 13817 | IceCv    | Got the ring "Qaucviy" {rF+ rC+}
 13819 | IceCv    | Got the ring "Nuras" {Ice rElec rN+}
 15235 | D:14     | Reached skill level 13 in Fighting
 15320 | D:14     | Found a gate to the Vaults.
 15758 | D:14     | Reached ****** piety under Trog
 15759 | D:14     | Received a gift from Trog
 15969 | D:14     | Identified the +7 quarterstaff of Defence by Offence
                  | {venom, Int+4}
 16049 | D:14     | Acquired 804 gold pieces
 16058 | D:15     | Entered Level 15 of the Dungeon
 16168 | D:14     | Reached XP level 14. HP: 118/129 MP: 13/13
 16351 | D:15     | Found a staircase to the Depths.
 16430 | D:15     | Noticed a fire giant
 16448 | D:15     | Killed a fire giant
 16766 | D:15     | Reached skill level 14 in Fighting
 17045 | Orc:1    | Entered Level 1 of the Orcish Mines
 17407 | Orc:1    | Found Jisauhoi's Armour Shop.
 17411 | Orc:1    | Bought +1 gold dragon scales for 1566 gold pieces
 17622 | Orc:2    | Entered Level 2 of the Orcish Mines
 17643 | Orc:2    | Found Unaq's Assorted Antiques.
 17668 | Orc:2    | Bought a scroll of enchant armour for 225 gold pieces
 17764 | Orc:2    | Noticed Maurice
 17778 | Orc:2    | Killed Maurice
 17784 | Orc:2    | Noticed an orc warlord
 17867 | Orc:1    | Killed an orc warlord
 17909 | Orc:2    | Received a gift from Trog
 18097 | Orc:2    | Reached skill level 15 in Shields
 18593 | Orc:2    | Found a staircase to the Elven Halls.
 18819 | Orc:2    | Found Jurakh's General Store.
 18826 | Orc:2    | Bought 3 scrolls of enchant armour for 247 gold pieces
 18838 | Orc:2    | Found Dunlitil's Antique Weapon Emporium.
 18845 | Orc:2    | Bought an ebony broad axe for 261 gold pieces
 18845 | Orc:2    | Identified the +7 broad axe "Hydrabane" {flame, Int+4
                  | Dex+4} (You bought it in a shop on level 2 of the Orcish
                  | Mines)
 18856 | Orc:2    | Found Egebemm's Jewellery Emporium.
 18992 | Orc:2    | Found Ilounex's Antique Armour Emporium.
 19192 | Lair:1   | Entered Level 1 of the Lair of Beasts
 20020 | Lair:2   | Found a shimmering blue altar of Sif Muna.
 20156 | Lair:2   | Found the +4 skin of Zhor {*Englaciate rC+++ SInv}
 20782 | Lair:3   | Reached skill level 15 in Fighting
 20788 | Lair:3   | Found a staircase to the Shoals.
 20832 | Lair:3   | Received a gift from Trog
 21157 | Lair:3   | Reached XP level 15. HP: 141/141 MP: 14/14
 21200 | Lair:3   | Noticed Gastronok
 21211 | Lair:3   | Killed Gastronok
 21732 | Lair:4   | Reached skill level 15 in Armour
 21835 | Lair:4   | Found a staircase to the Snake Pit.
 22641 | Lair:5   | Reached skill level 16 in Fighting
 23179 | Lair:5   | Found a staircase to the Slime Pits.
 23323 | Lair:6   | Entered Level 6 of the Lair of Beasts
 23448 | Lair:6   | Received a gift from Trog
 23824 | Lair:6   | Reached skill level 17 in Fighting
 24139 | Lair:6   | Found a corrupted altar of Lugonu.
 24146 | Lair:6   | Found a one-way gate to the infinite horrors of the Abyss.
 24154 | Lair:6   | Identified the +10 hand axe "Izxeywudgh" {flame, Str+2}
                  | (Trog gifted it to you on level 6 of the Lair of Beasts)
 24154 | Lair:6   | Received a gift from Trog
 24664 | Shoals:1 | Entered Level 1 of the Shoals
 24873 | Orc:2    | Bought the amulet of Zuif {Regen+ rCorr Dex+3} for 880 gold
                  | pieces
 24920 | Elf:1    | Entered Level 1 of the Elven Halls
 24945 | Elf:1    | Reached XP level 16. HP: 153/155 MP: 15/15
 25479 | Elf:1    | Reached skill level 18 in Fighting
 25510 | Elf:1    | Identified the +3 war axe of the Jester {drain, rC++}
 25513 | Elf:1    | Noticed an Executioner
 25958 | Elf:1    | Identified the +8 hand axe of Conformity {flame, *Slow
                  | rElec Stlth+} (Trog gifted it to you on level 1 of the
                  | Elven Halls)
 25958 | Elf:1    | Received a gift from Trog
 26163 | Elf:1    | Found a runed translucent gate.
 26163 | Elf:1    | Found a runed translucent gate.
 26163 | Elf:1    | Found a runed translucent gate.
 26163 | Elf:1    | Found a runed translucent gate.
 26163 | Elf:1    | Found a runed translucent gate.
 26164 | Elf:1    | Found a runed translucent gate.
 26164 | Elf:1    | Noticed a shadow dragon
 26164 | Elf:1    | Noticed a shadow dragon
 26194 | Elf:1    | Killed a shadow dragon
 26221 | Elf:1    | Killed a shadow dragon
 26267 | Elf:2    | Paralysed by an air elemental for 1 turns
 26575 | Elf:2    | Found a runed translucent door.
 26575 | Elf:2    | Noticed Jyejeiptew's ghost (adept HOMo)
 26635 | Elf:2    | Received a gift from Trog
 26675 | Elf:2    | Identified the +9 hunting sling of Anger {venom, rF+ rCorr
                  | Dex-5}
 26821 | Elf:1    | Reached skill level 19 in Fighting
 26859 | Elf:1    | Killed Jyejeiptew's ghost
 27322 | Elf:2    | Found Mirus's Armour Boutique.
 27324 | Elf:2    | Found Musteul's Jewellery Shop.
 27326 | Elf:2    | Found Faforr's Assorted Antiques.
 27679 | Elf:2    | Found a runed translucent door.
 27698 | Elf:2    | Found a runed translucent door.
 28017 | Elf:2    | Reached XP level 17. HP: 136/168 MP: 16/16
 28487 | Elf:3    | Entered Level 3 of the Elven Halls
 28493 | Elf:3    | Reached skill level 20 in Fighting
 28506 | Elf:3    | Found a runed translucent door.
 28506 | Elf:3    | Found a shimmering altar of Xom.
 28506 | Elf:3    | Noticed jasper's ghost (adept DsWr)
 28567 | Elf:3    | Paralysed by an air elemental for 1 turns
 28571 | Elf:3    | Paralysed by an air elemental for 1 turns
 28579 | Elf:3    | Paralysed by an air elemental for 1 turns
 28797 | Elf:3    | Received a gift from Trog
 29152 | Elf:3    | Noticed a deep elf master archer
 29165 | Elf:3    | Killed a deep elf master archer
 29368 | Elf:3    | Noticed a deep elf blademaster
 29390 | Elf:3    | Killed a deep elf blademaster
 29391 | Elf:3    | Reached skill level 21 in Fighting
 29417 | Elf:3    | Noticed a Brimstone Fiend
 30009 | Elf:3    | Noticed a deep elf master archer
 30020 | Elf:3    | Killed a deep elf master archer
 30109 | Elf:3    | Received a gift from Trog
 30136 | Elf:3    | Noticed a deep elf blademaster
 30152 | Elf:3    | Killed a deep elf blademaster
 30153 | Elf:3    | Reached XP level 18. HP: 168/184 MP: 17/17
 30182 | Elf:3    | Identified the +7 spear of a Labyrinth {protect, rC+ Str+4
                  | Int+4}
 30231 | Elf:3    | Reached skill level 22 in Fighting
 30257 | Elf:3    | Identified the +5 great sword of Xalask {flame, rCorr
                  | Dex+3}
 30281 | Elf:3    | Identified the +8 plate armour "Betuixanu" {rPois rN+}
 30324 | Elf:3    | Cast into level 2 of the Abyss (a deep elf demonologist)
 30324 | Abyss:2  | Found a corrupted altar of Lugonu.
 30614 | Abyss:2  | Found an iron altar of Okawaru.
 30703 | Abyss:2  | Noticed a profane servitor
 30719 | Abyss:2  | Lost intelligence.
 30740 | Abyss:2  | Killed a profane servitor
 30770 | Abyss:2  | Killed from afar by a ynoxinul

Illustrated notes

Levels and vault maps discovered:
D:1:      lightli_arrival_lavapool, layout_basic
D:2:      layout_basic, basic_ecumenical_altar
D:3:      layout_basic, serial_undead, serial_undead_e, serial_undead_c,
          serial_undead_e, serial_undead_a
D:4:      layout_cave_pools
D:5:      layout_rooms, chequers_big_river, serial_bayou_pond_d, dk_vineyard_2,
          hangedman_decor_slide_cut, uniq_prince_ribbit1, uniq_blork_the_orc,
          uniq_eustachio
D:6:      layout_basic, makhleb_altar_promises_db, fedhas_altar_decomposition,
          minmay_temple_entry_gardened_gates
D:7:      layout_layer_cave, grunt_qazlal_clouds, mainiacjoe_overflow_big_doors,
          serial_shops, shop, uniq_pikel
D:8:      kennysheep_spiral_hall, layout_basic, kennysheep_little_box,
          grunt_gozag_statues, lemuel_coloured_pillars_altar, serial_shops, shop
D:9:      layout_loops_ring, due_lair_maze_entry_diamond, ebering_ghost_gozag,
          serial_shops, shop, shop, shop_fountains, shop
D:10:     layout_loops_ring, orc_0_dummy, serial_glass, glass_columns_c,
          glass_columns_a, uniq_maggie
D:11:     layout_irregular_city
D:12:     layout_cave_pools, portal_ice_cave_demonic_guard, uniq_frances
D:13:     layout_basic
D:14:     layout_roguey, grunt_vaults_entry_fortified, hex_tiny
D:15:     grunt_enter_depths_magical_seal, layout_cross,
          hangedman_abyss_or_decor_slice
Lair:1:   layout_loops_ring, disabler_island, lemuel_fruit_fields,
          serial_bayou_shore_a
Lair:2:   layout_gridlike, basic_altar, minivault_26,
          hellmonk_guarded_unrand_zhor
Lair:3:   layout_gridlike, minmay_shoals_entry_lonely_mermaid, uniq_gastronok
Lair:4:   layout_small_grid, guppyfry_snake_entry_garden, grunt_megastairs_5,
          lemuel_fruit_fields
Lair:5:   layout_layer_cave, dpeg_slime_entry_corner, lemuel_fruit_tree,
          grunt_megastairs_1
Lair:6:   hellmonk_lair_end_abyssal_woods, layout_misc_corridors, serial_forest,
          infiniplex_forest_straight_1, infiniplex_forest_end_3,
          infiniplex_forest_end_3, infiniplex_forest_side_room,
          infiniplex_forest_lined_ring, infiniplex_forest_end_1
Shoals:1: layout_shoals, nicolae_shoals_flooded_hall, uniq_donald
Orc:1:    layout_caves, serial_shops, shop
Orc:2:    grunt_orc_cross, layout_diamond_mine, serial_shops,
          nicolae_square_shop, uniq_maurice
Elf:1:    eino_elf_arrival_customs, layout_onion_city, orc_legates
Elf:2:    nicolae_elf_blades_splatter_lattice
          [nicolae_blade_entry_splitting_headache], layout_gridlike,
          hellmonk_ghost_happy_afterlife, minmay_shop_star
Elf:3:    minmay_elf_hall_four_x, layout_onion_city, ebering_ghost_xom,
          billiards_dpeg
Abyss:2:  base: Temple, evilmike_abyss_exit_vortex, evilmike_abyss_exit_vortex

Skill      XL: |  1  2  3  4  5  6  7  8  9 10 11 12 13 14 15 16 17 18 |
---------------+-------------------------------------------------------+-----
Fighting       | 4 5 6 7 8 9 11 12 13 15 17 19 21 22 | 22.2
Axes           | 4 5 6 8 10 12 14 15 16 17 18 19 | 19.9
Shields        | 1 2 3 4 5 6 8 10 13 15 | 15.0
Dodging        | 3 |  3.4
Armour         | 3 5 6 8 10 11 13 14 16 18 20 | 20.4
Polearms       | 1 5 8 9 |  9.3

Action                   |  1- 3 |  4- 6 |  7- 9 | 10-12 | 13-15 | 16-18 || total
-------------------------+-------+-------+-------+-------+-------+-------++-------
Melee: Hand axe          |    61 |    99 |       |       |       |       ||   160
       Headbutt          |    12 |    19 |    28 |   115 |   301 |   240 ||   715
       Broad axe         |       |     5 |   163 |   315 |   553 |   380 ||  1416
       Lance             |       |       |       |   201 |   658 |   651 ||  1510
Invok: Berserk           |       |     4 |       |     8 |     6 |     6 ||    24
       Trog's Hand       |       |     1 |       |     1 |     2 |    17 ||    21
       Brothers in Arms  |       |       |       |     3 |     3 |     8 ||    14
  Use: Scroll            |       |     6 |     6 |     6 |    11 |    11 ||    40
       Potion            |       |     4 |       |     2 |       |     3 ||     9
 Stab: Invisible         |       |     1 |       |       |       |       ||     1
Armor: Animal skin       |     7 |    22 |       |       |       |       ||    29
       Skin              |       |     7 |       |       |       |       ||     7
       Ring mail         |       |       |    13 |       |       |       ||    13
       Chain mail        |       |       |    33 |       |       |       ||    33
       Plate armour      |       |       |     4 |   214 |   314 |       ||   532
       Gold dragon scale |       |       |       |       |   216 |   500 ||   716
Dodge: Dodged            |    43 |    50 |    55 |    64 |   185 |   126 ||   523
Block: Kite shield       |     7 |    62 |    54 |    33 |       |       ||   156
       Tower shield      |       |       |       |   340 |  1286 |   885 ||  2511
       Reflection        |       |       |       |       |     5 |       ||     5

Table legend: (Time is in decaauts)
 A = Elapsed time spent in this place.
 B = Non-inter-level travel time spent in this place.
 C = Inter-level travel time spent in this place.
 D = Time resting spent in this place.
 E = Time spent auto-exploring this place.
 F = Levels seen in this place.
 G = Mean time per level.
                   A        B        C        D        E       F      G
               +--------+--------+--------+--------+--------+-----+--------+
         Total |  30550 |  29146 |   1404 |   5718 |  14915 |  29 | 1053.4 |
       Dungeon |  15506 |  14806 |    700 |   2684 |   8985 |  15 | 1033.7 |
          Lair |   5570 |   5324 |    246 |    170 |   3957 |   6 |  928.3 |
        Shoals |     50 |     47 |      3 |      0 |      0 |   1 |   50.0 |
  Orcish Mines |   2198 |   1986 |    212 |    538 |    933 |   2 | 1099.0 |
   Elven Halls |   5183 |   4940 |    243 |   1157 |    982 |   3 | 1727.7 |
         Abyss |    433 |    433 |      0 |    247 |      0 |   1 |  433.0 |
      Ice Cave |   1607 |   1607 |      0 |    921 |     58 |   1 | 1607.0 |
               +--------+--------+--------+--------+--------+-----+--------+

Top non-repeatable levels by time:
   Elf:1: 1751 daAuts
   Elf:3: 1737 daAuts
   Elf:2: 1695 daAuts
     D:3: 1609 daAuts
   IceCv: 1607 daAuts
     D:8: 1587 daAuts
   Orc:2: 1508 daAuts
  Lair:6: 1204 daAuts
     D:9: 1195 daAuts
    D:14: 1139 daAuts
  Lair:5: 1086 daAuts
     D:4: 1061 daAuts
     D:7: 1042 daAuts
     D:2: 1017 daAuts
     D:1: 1005 daAuts
